 Dungeon Crawl Stone Soup version 0.31-a0-18-gea43df2a32 (webtiles) character file.

Game seed: 9469481068539850796

1674 bande the Chopper (level 9, -8/54 HPs)
             Began as a Gargoyle Fighter on May 11, 2023.
             Was a Believer of Okawaru.
             Killed by divine providence
             ... invoked by an orc priest
              (14 damage)
             ... on level 7 of the Dungeon.
             The game lasted 00:07:39 (5053 turns).

bande the Chopper (Gargoyle Fighter)                Turns: 5053, Time: 00:07:40

Health: -8/54      AC: 21    Str: 21    XL:     9   Next: 1%
Magic:  11/11      EV:  6    Int:  8    God:    Okawaru [**....]
Gold:   478        SH:  6    Dex: 13    Spells: 8/8 levels left

rFire   . . .        a - +0 war axe
rCold   . . .        c - +1 buckler
rNeg    + . .        p - +0 plate armour
rPois   ∞            C - +0 helmet
rElec   +            n - +0 cloak
rCorr   .            (no gloves)
SInv    .            (no boots)
Will    .....        b - amulet of regeneration Stlth
                     (no ring)
HPRegen 1.09/turn    (no ring)
MPRegen 0.12/turn

%: no passive effects
@: no status effects
A: sickness immunity, AC +6, negative energy resistance 1, electricity
resistance, torment resistance 1, petrification resistance
a: Renounce Religion, Heroism


You were on level 7 of the Dungeon.
You worshipped Okawaru.
Okawaru was pleased with you.
You visited 2 branches of the dungeon, and saw 8 of its levels.

You collected 478 gold pieces.

Inventory:

Hand Weapons
 a - a +0 war axe (weapon)
 B - a +0 morningstar
Missiles
 u - a throwing net (quivered)
Armour
 c - a +1 buckler (worn)
 n - a +0 cloak (worn)
 p - a +0 plate armour (worn)
 C - a +0 helmet (worn)
Jewellery
 b - an amulet of regeneration (around neck)
 h - an amulet of magic regeneration
 k - an amulet of the acrobat
Wands
 v - a wand of polymorph (11)
 y - a wand of roots (22)
 A - a wand of paralysis (4)
Scrolls
 o - 4 scrolls of teleportation
 s - a scroll of enchant armour
Potions
 d - a potion of might
 f - a potion of mutation {unknown}
 g - 3 potions of berserk rage
 i - 2 potions of heal wounds
 j - 2 potions of magic
 l - 2 potions of flight {unknown}
 m - 3 potions of brilliance {unknown}
 q - 6 potions of curing
 r - 2 potions of haste {unknown}
 t - a potion of attraction {unknown}
 w - a potion of degeneration {unknown}
 x - a potion of ambrosia {unknown}
 z - a potion of invisibility {unknown}


   Skills:
 + Level 5.5 Fighting
 + Level 7.2 Axes
 + Level 5.7 Armour
 + Level 4.7 Shields
 * Level 3.2 Invocations
 * Level 2.5 Evocations


You had 8 spell levels left.
You didn't know any spells.
Your spell library contained the following spells:

 Spells                   Type           Power      Damage    Failure   Level
 Ensorcelled Hibernation  Hex/Ice        0%         N/A       100%        2
 Gell's Gravitas          Tloc           0%         N/A       100%        3
 Ozocubu's Armour         Ice            0%         N/A       100%        3
 Portal Projectile        Hex/Tloc       0%         N/A       100%        3
 Spider Form              Tmut/Pois      0%         N/A       100%        3
 Teleport Other           Tloc           0%         N/A       100%        3
 Vhi's Electric Charge    Tloc/Air       0%         N/A       100%        3
 Anguish                  Hex/Necr       0%         N/A       100%        4
 Leda's Liquefaction      Hex/Erth       0%         N/A       100%        4
 Arcjolt                  Conj/Air       0%         1d10      100%        5
 Dispersal                Tloc           0%         N/A       100%        6
 Plasma Beam              Fire/Air       0%         2x1d11    100%        6
 Ozocubu's Refrigeration  Ice            0%         4d7       100%        7
 Call Canine Familiar     Summ           Unusable   N/A       N/A         3

Dungeon Overview and Level Annotations

Branches:
Dungeon (7/15)             Temple (1/1) D:5

Altars:
Ashenzari
Cheibriados
Elyvilon
Fedhas
Gozag
Hepliaklqana
Kikubaaqudgha
Okawaru
Xom
Yredelemnul

Shops:
D:5 ((


Innate Abilities, Weirdness & Mutations

You are immune to sickness and miasma.
Your stone body is resilient. (AC +6)
You are immune to poison.
You resist negative energy. (rN+)
You are resistant to electric shocks. (rElec)
You are resistant to unholy torment.
You are immune to petrification.


Message History

The orc warrior is moderately wounded.
The orc warrior hits you but does no damage.
You hit the orc warrior but do no damage.
The orc warrior is moderately wounded.
The orc priest begins to cast a cantrip, but forgets the words!
You block the orc warrior's attack.
You closely miss the orc warrior.
The orc warrior is moderately wounded.
The orc priest casts a cantrip, but nothing happens.
The orc warrior hits you with a +3 glaive of venom.
You closely miss the orc warrior.
The orc warrior is moderately wounded.
The orc priest looks encouraged for a moment.
The orc priest calls upon Beogh to heal the orc warrior.
The orc warrior is healed somewhat.
You block the orc warrior's attack.
You hit the orc warrior but do no damage.
The orc warrior is lightly wounded.
You block the orc warrior's attack.
You slash the orc warrior!
The orc warrior is moderately wounded.
The orc warrior hits you with a +3 glaive of venom!
You hit the orc warrior but do no damage.
The orc warrior is moderately wounded.
The orc warrior hits you with a +3 glaive of venom! x2
* * * LOW HITPOINT WARNING * * *
The orc priest looks satisfied for a moment.
You barely miss the orc warrior.
The orc warrior is moderately wounded.
The orc priest looks braver for a moment.
The orc warrior barely misses you.
You slash the orc warrior!
The orc warrior is almost dead.
You hear the steady creaking of a very distant portcullis.
The orc warrior hits you with a +3 glaive of venom!
* * * LOW HITPOINT WARNING * * *
You hit the orc warrior but do no damage.
The orc warrior is almost dead.
The orc priest calls down the wrath of Beogh upon you.
Beogh smites you!
You die...

#......§§≈§.≈≈≈≈§#>......
#.####..§........#
.....#.#.........#######
.....#.#.##.#..........#
.#.#.#.#.......####....#
.#.#.#.#.##.##.#).'....#
.#.#.#.#.##.##.#.##....#
.#'#'#.####.##.#.##....#
#.....<# #.##.#@##....#
#......# ###o##....#
#......# oo##....#
#......# #####....#
#......# ....# #..<...#
#......# #......#


You could see an orc warrior and 2 orc priests.

Vanquished Creatures
  Eustachio (D:6)
  A water moccasin (D:5)
  Duvessa (D:6)
  An ice beast (D:6)
  2 centaurs
  A kobold brigand (D:7)
  2 bullfrogs
  5 scorpions
  Dowan (D:6)
  3 hounds
  2 orc priests (D:7)
  2 jellies
  2 sleepcaps
  2 iguanas
  4 gnolls
  7 adders
  A shadow imp (D:6)
  2 ufetubi
  2 worms
  A dart slug (D:4)
  9 orcs
  4 ball pythons
  5 endoplasms
  5 giant cockroaches
  13 goblins
  6 hobgoblins
  6 jackals
  6 quokkas
  3 training dummies (D:5)
  5 bats
  6 frilled lizards
  15 kobolds
  3 rats
129 creatures vanquished.

Notes
Turn   | Place    | Note
-------+----------+-------------------------------------------
     0 | D:1      | bande the Gargoyle Fighter began the quest for the Orb.
     0 | D:1      | Reached XP level 1. HP: 14/14 MP: 1/1
    87 | D:1      | Reached XP level 2. HP: 14/19 MP: 2/2
   218 | D:1      | Reached skill level 2 in Axes
   341 | D:1      | Reached XP level 3. HP: 23/24 MP: 3/3
  1036 | D:2      | Reached XP level 4. HP: 29/29 MP: 4/4
  1263 | D:2      | Reached skill level 3 in Axes
  2027 | D:4      | Reached XP level 5. HP: 30/33 MP: 5/5
  2159 | D:4      | Reached skill level 4 in Axes
  2167 | D:4      | Reached XP level 6. HP: 33/39 MP: 6/6
  2562 | D:4      | Reached skill level 5 in Axes
  2770 | D:5      | Entered Level 5 of the Dungeon
  2841 | D:5      | Reached XP level 7. HP: 31/44 MP: 7/7
  2991 | D:5      | Found Hutips's Firing Range.
  3079 | D:5      | Identified the +5 leather armour of the Shrike {Int+2}
  3126 | D:5      | Found a staircase to the Ecumenical Temple.
  3138 | Temple   | Entered the Ecumenical Temple
  3218 | Temple   | Became a worshipper of Warmaster Okawaru
  3278 | D:5      | Found a broken altar of Ashenzari.
  3513 | D:5      | Reached skill level 1 in Invocations
  3513 | D:5      | Reached skill level 1 in Evocations
  3763 | D:5      | Found Noubeb's Weapon Shop.
  3960 | D:6      | Reached skill level 6 in Axes
  3976 | D:6      | Reached * piety under Okawaru
  3977 | D:6      | Reached skill level 5 in Fighting
  3977 | D:6      | Reached XP level 8. HP: 23/49 MP: 7/9
  4139 | D:6      | Noticed Duvessa
  4141 | D:6      | Noticed Dowan
  4155 | D:6      | Reached skill level 5 in Armour
  4158 | D:6      | Killed Duvessa
  4166 | D:6      | Killed Dowan
  4341 | D:6      | Noticed Eustachio
  4365 | D:6      | Killed Eustachio
  4365 | D:6      | Reached ** piety under Okawaru
  4739 | D:7      | Found a shimmering altar of Xom.
  4789 | D:7      | Reached skill level 7 in Axes
  5032 | D:7      | Reached XP level 9. HP: 31/54 MP: 11/11
  5053 | D:7      | Killed from afar by an orc priest

Illustrated notes

Levels and vault maps discovered:
D:1:      matt_arrival_diagonals, layout_basic, solitary_fountain
D:2:      layout_basic
D:3:      layout_basic
D:4:      minmay_inner_zag, layout_loops_ring
D:5:      layout_loops_corners, cheibrodos_ashenzari_chains,
          minmay_temple_entry_hall, serial_shops, shop, minmay_misc_feat_square,
          nicolae_shop_firing_range
D:6:      layout_loops_cross, minmay_crystal_room, sigmund_army, uniq_duvessa,
          uniq_eustachio
D:7:      gammafunk_cloud_chamber, layout_basic,
          mainiacjoe_overflow_concentric_impassable, enter_bailey_5
Temple:   hc_temple_tempest_star

Skill      XL: |  1  2  3  4  5  6  7  8 |
---------------+-------------------------+-----
Axes           | 2 3 4 5 6 7 |  7.2
Fighting       | 4 5 |  5.5
Armour         | 4 5 |  5.7
Shields        | 4 |  4.7
Invocations    | 1 3 |  3.2
Evocations     | 1 2 |  2.5

Action                     |  1- 3 |  4- 6 |  7- 9 || total
---------------------------+-------+-------+-------++-------
  Melee: War axe           |   145 |   178 |   195 ||   518
    Use: Scroll            |     4 |     4 |     4 ||    12
         Potion            |       |       |     1 ||     1
 Armour: Scale mail        |    92 |    38 |       ||   130
         Plate armour      |       |    74 |   141 ||   215
  Dodge: Dodged            |    85 |    65 |    57 ||   207
  Block: Buckler           |    34 |    46 |    68 ||   148

Table legend: (Time is in decaauts)
 A = Elapsed time spent in this place.
 B = Non-inter-level travel time spent in this place.
 C = Inter-level travel time spent in this place.
 D = Time resting spent in this place.
 E = Time spent auto-exploring this place.
 F = Levels seen in this place.
 G = Mean time per level.
                   A        B        C        D        E       F      G
               +--------+--------+--------+--------+--------+-----+--------+
         Total |   5215 |   5001 |    214 |    255 |   3549 |   8 |  651.9 |
       Dungeon |   5114 |   4919 |    195 |    255 |   3481 |   7 |  730.6 |
        Temple |    100 |     81 |     19 |      0 |     68 |   1 |  100.0 |
               +--------+--------+--------+--------+--------+-----+--------+

Top non-repeatable levels by time:
     D:5: 946 daAuts
     D:6: 924 daAuts
     D:4: 875 daAuts
     D:1: 807 daAuts
     D:2: 645 daAuts
     D:3: 560 daAuts
     D:7: 354 daAuts
  Temple: 100 daAuts
